 Dungeon Crawl Stone Soup version 0.19.5 (webtiles) character file.

933 equalderp2856 the Gouger (level 7, -8/32 HPs)
             Began as a Felid Fighter on Mar 7, 2017.
             Killed from afar by empire's ghost (31 damage)
             ... with a bolt of negative energy
             ... on level 6 of the Dungeon.
             The game lasted 00:23:36 (9889 turns).

equalderp2856 the Gouger (Felid Fighter)            Turns: 9889, Time: 00:23:36

Health: -8/32      AC:  2    Str: 13    XL:     7   Next: 86%
Magic:  8/8        EV: 22    Int:  9    God:
Gold:   297        SH:  0    Dex: 17    Spells: 0 memorised, 6 levels left
                                        Lives:  0   Deaths: 2

rFire  . . .     SeeInvis +       - Unarmed
rCold  . . .     Gourm    .     (armour unavailable)
rNeg   . . .     Faith    .     (shield unavailable)
rPois  .         Spirit   .     (helmet unavailable)
rElec  .         Reflect  .     (cloak unavailable)
rCorr  .         Harm     .     (gloves unavailable)
MR     +....                    (boots unavailable)
Stlth  ++++......               (no amulet)
                                (no ring)
                                (no ring)

@: drained, quick
A: no armour, no weapons or thrown items, stealth, claws 1, fangs 3, see
invisible, carnivore 3, speed 1, shaggy fur 2, slow metabolism 1, sharp paws
a: no special abilities


You were on level 6 of the Dungeon.
You were not hungry.

You visited 1 branch of the dungeon, and saw 6 of its levels.

You collected 297 gold pieces.

Inventory:

Missiles
 t - 50 arrows
Jewellery
 v - an uncursed amulet of harm {unknown}
Wands
 u - a wand of confusion (34/48)
 y - a wand of flame (27/48)
Scrolls
 a - a scroll of magic mapping {unknown}
 c - a scroll of amnesia {unknown}
 d - a scroll of enchant weapon {unknown}
 e - 2 scrolls of enchant armour {unknown}
 g - 3 scrolls of remove curse {unknown}
 h - 4 scrolls of identify {unknown}
 m - 3 scrolls of teleportation {unknown}
 n - 2 scrolls of blinking {unknown}
 o - 2 scrolls of random uselessness {unknown}
 p - a scroll of recharging {unknown}
 s - a scroll of fog {unknown}
 x - a scroll of noise {unknown}
Potions
 i - a potion of degeneration
 j - 4 potions of flight
 k - a potion of berserk rage {unknown}
 q - a potion of curing
 w - a potion of brilliance {unknown}
 z - 2 potions of haste {unknown}
 B - a potion of resistance {unknown}
 C - a potion of magic {unknown}
 D - a potion of invisibility {unknown}
Comestibles
 b - 2 meat rations
 f - 8 fruits
 l - 2 beef jerkies
 r - a bread ration
 A - a slice of pizza


   Skills:
 + Level 4.2(3.4) Fighting
 + Level 7.3(6.6) Dodging
 + Level 6.2(5.4) Stealth
 + Level 10.1(9.2) Unarmed Combat


You had 6 spell levels left.
You didn't know any spells.

Dungeon Overview and Level Annotations

Branches:
Dungeon (6/15)             Temple (0/1) D:6

Altars:
Fedhas
Makhleb
Sif Muna
Vehumet
Xom

Annotations:
D:6 empire's ghost, novice DrMo


Innate Abilities, Weirdness & Mutations

You cannot wear armour.
You are incapable of wielding weapons or throwing items.
Your paws allow you to move quietly. (Stealth)
You have sharp claws.
You have razor-sharp teeth.
You have supernaturally acute eyesight. (SInv)
You are carnivorous and can eat meat at any time.
You cover ground quickly.
You are covered in thick fur. (AC +2)
You have a slow metabolism.
Your sharp claws are effective at attacking unaware monsters.


Message History

The centaur shouts!
The centaur shoots an arrow.
The arrow closely misses you.
You see here an arrow.
The centaur misses you.
You claw the centaur!
The centaur is moderately wounded.
The centaur completely misses you. The centaur misses you.
You claw the centaur! You claw the centaur.
The centaur is almost dead.
The centaur barely misses you.
You scratch the centaur but do no damage.
The centaur is almost dead.
The centaur hits you with an enchanted shortbow!
You claw the centaur!
You kill the centaur!
Empire's ghost turns its malevolent gaze towards you.
Empire's ghost breathes negative energy at you.
The bolt of negative energy hits you!
You feel drained.
Ouch! That really hurt!
You die...

#.# #.#### ### ### .....####..
..# #.. # ..........# #####.# #
#.# .# #.##.# #..###...#.#.# #.#
#.# #.##.# #..##......#.# #.#
#.###.##.# #............# #.#
#.#...##.####.#.@.....### #.###
........#...#.#..)....# #)^##
.....###.##......<..#.#######....
.........##W........#............
.............#......#..........##
....#.####..........####.###...#
#.#.#.# #.#........#..>.......#.
#.#.#.####....#...#)#.########.#.
#.#...........#####(#.# #.+.


You could see empire's ghost.

Vanquished Creatures
  The ghost of Shiggs the Conjurer, a novice GrFE of Vehumet (D:5)
  Grinder (D:5)
  Edmund (D:6)
  A centaur (D:6)
  2 ogres (D:4)
  A howler monkey (D:5)
  2 crimson imps
  A jelly (D:4)
  4 orc priests
  5 hounds
  4 orc wizards
  Jessica (D:2)
  A bullfrog skeleton (D:5)
  3 iguanas (D:4)
  Natasha (thrice) (D:4)
  6 worker ants
  A worker ant zombie (D:5)
  8 gnolls
  6 adders
  8 oozes (D:1)
  An adder skeleton (D:4)
  2 worms
  2 dart slugs
  20 orcs
  6 bats
  9 giant cockroaches
  7 goblins
  9 hobgoblins
  6 jackals (D:1)
  3 quokkas
  6 frilled lizards
  12 kobolds
  12 rats
155 creatures vanquished.

Notes
Turn   | Place    | Note
-------+----------+-------------------------------------------
     0 | D:1      | equalderp2856 the Felid Fighter began the quest for the Orb.
     0 | D:1      | Reached XP level 1. HP: 10/10 MP: 2/2
     1 | D:1      | Found a runed door.
    20 | D:1      | Reached XP level 2. HP: 11/14 MP: 3/3
   335 | D:1      | Reached XP level 3. HP: 7/17 MP: 4/4
  1326 | D:1      | Reached XP level 4. HP: 10/21 MP: 5/5
  1330 | D:1      | Reached skill level 5 in Unarmed Combat
  2088 | D:2      | Found a blossoming altar of Fedhas.
  2234 | D:2      | Reached skill level 1 in Stealth
  2297 | D:2      | Found a faded altar of an unknown god.
  2324 | D:2      | Noticed Jessica
  2329 | D:2      | Killed Jessica
  2599 | D:2      | Reached XP level 5. HP: 24/24 MP: 6/6
  2670 | D:2      | Reached skill level 5 in Dodging
  3325 | D:2      | Reached skill level 6 in Unarmed Combat
  3545 | D:3      | Found a shimmering altar of Xom.
  4093 | D:4      | Gained mutation: You are covered in thick fur. (AC +2) [Felid growth]
  4093 | D:4      | Reached XP level 6. HP: 23/28 MP: 7/7
  4392 | D:4      | Found a burning altar of Makhleb.
  5351 | D:4      | Reached XP level 7. HP: 31/31 MP: 8/8
  5374 | D:4      | Reached skill level 7 in Unarmed Combat
  5476 | D:4      | Noticed Natasha
  5480 | D:4      | Killed Natasha
  5502 | D:4      | Reached skill level 5 in Stealth
  5555 | D:4      | Noticed Natasha
  5561 | D:4      | Killed Natasha
  6264 | D:4      | Noticed Natasha
  6269 | D:4      | Killed Natasha
  6291 | D:5      | Entered Level 5 of the Dungeon
  7007 | D:4      | Reached skill level 8 in Unarmed Combat
  7413 | D:5      | Found a radiant altar of Vehumet.
  7415 | D:5      | Noticed Grinder
  7416 | D:5      | Reached XP level 8. HP: 27/35 MP: 9/9
  7505 | D:5      | Noticed Shiggs's ghost (novice GrFE)
  8734 | D:5      | Paralysed by Grinder for 7 turns
  8741 | D:5      | Slain by Grinder
  8742 | D:5      | Reached XP level 7. HP: -3/31 MP: 8/8
  8791 | D:5      | Found a deep blue altar of Sif Muna.
  8813 | D:5      | Paralysed by Grinder for 4 turns
  8831 | D:5      | Killed Grinder
  8831 | D:5      | Reached skill level 9 in Unarmed Combat
  9052 | D:5      | Slain by an orc
  9053 | D:5      | Reached XP level 6. HP: -3/28 MP: 7/7
  9125 | D:5      | Killed Shiggs's ghost
  9125 | D:5      | Reached XP level 7. HP: 20/32 MP: 8/8
  9443 | D:6      | Noticed Edmund
  9484 | D:6      | Noticed empire's ghost (novice DrMo)
  9740 | D:6      | Found a staircase to the Ecumenical Temple.
  9795 | D:6      | Killed Edmund
  9795 | D:6      | Reached skill level 10 in Unarmed Combat
  9889 | D:6      | Killed from afar by empire's ghost

Skill      XL: |  1  2  3  4  5  6  7 |
---------------+----------------------+-----
Unarmed Combat | 5 6 10 | 10.1
Stealth        | 2 6 5 |  6.2
Dodging        | 5 7 6 |  7.3
Fighting       | 4 |  4.2

Action                   |  1- 3 |  4- 6 |  7- 9 || total
-------------------------+-------+-------+-------++-------
Melee: Unarmed           |   104 |   187 |   199 ||   490
       Bite              |    10 |    18 |    25 ||    53
       Punch             |     3 |     3 |    11 ||    17
  Use: Potion            |     1 |     1 |     3 ||     5
 Stab: Sleeping          |     2 |     9 |     5 ||    16
       Distracted        |       |     1 |       ||     1
  Eat: Chunk             |     8 |     4 |     5 ||    17
Armor: Skin              |     5 |     4 |     8 ||    17
Dodge: Dodged            |    80 |   111 |   150 ||   341
